 Dungeon Crawl Stone Soup version 0.30-a0-782-ge64f9170bb (webtiles) character file.

Game seed: 9337566890331032230

767 HoaS the Basher (level 7, -6/66 HPs)
             Began as an Ogre Gladiator on Feb 26, 2023.
             Shot with an arrow by a centaur (13 damage)
             ... on level 5 of the Dungeon.
             The game lasted 00:09:47 (4927 turns).

HoaS the Basher (Ogre Gladiator)                    Turns: 4927, Time: 00:09:48

Health: -6/66      AC:  3    Str: 21    XL:     7   Next: 82%
Magic:  16/16      EV: 10    Int:  9    God:
Gold:   316        SH:  0    Dex: 10    Spells: 6/6 levels left

rFire   . . .      SeeInvis .    p - +4 mace "Munwuy" {speed, Will+ MP+9}
rCold   . . .      Faith    .    (no shield)
rNeg    . . .      Spirit   .    b - +0 robe
rPois   +          Reflect  .    c - +0 hat
rElec   .          Harm     .    (no cloak)
rCorr   .          Rampage  .    (gloves unavailable)
Will    +....                    (boots unavailable)
Stlth   +                        (no amulet)
HPRegen 0.31/turn                t - ring of poison resistance
MPRegen 0.15/turn                (no ring)

@: no status effects
A: large, unfitting armour, tough skin 1
a: no special abilities


You were on level 5 of the Dungeon.
You visited 1 branch of the dungeon, and saw 5 of its levels.

You collected 316 gold pieces.

Inventory:

Hand Weapons
 p - the +4 mace "Munwuy" (weapon) {speed, Will+ MP+9}
   (You took it off Sigmund on level 3 of the Dungeon)

   MP:        It affects your magic capacity (+9).
   Will:      It increases your willpower.
Missiles
 d - 3 throwing nets (quivered)
 e - a large rock
Armour
 b - a +0 robe (worn)
 c - a +0 hat (worn)
Jewellery
 t - a ring of poison resistance (left hand)
Wands
 g - a wand of iceblast (7)
Scrolls
 i - a scroll of fear
 r - 3 scrolls of teleportation
Potions
 f - a potion of flight {unknown}
 h - 3 potions of curing {unknown}
 j - a potion of mutation {unknown}
 k - a potion of invisibility {unknown}
 l - a potion of ambrosia {unknown}
 m - 2 potions of magic {unknown}
 n - 2 potions of haste {unknown}
 o - a potion of might {unknown}
 q - a potion of resistance {unknown}
 u - a potion of attraction {unknown}


   Skills:
 - Level 2.6 Fighting
 + Level 8.2 Maces & Flails
 - Level 2.0 Throwing
 - Level 2.6 Dodging


You had 6 spell levels left.
You didn't know any spells.
Your spell library contained the following spells:

 Spells                   Type           Power      Damage    Failure   Level
 Sting                    Tmut/Pois      0%         1d3       38%         1
 Ensorcelled Hibernation  Hex/Ice        0%         N/A       52%         2
 Passwall                 Tmut/Erth      0%         N/A       52%         2
 Poisonous Vapours        Pois/Air       0%         N/A       52%         2
 Swiftness                Air            0%         N/A       77%         3
 Olgreb's Toxic Radiance  Pois           0%         N/A       99%         4


Dungeon Overview and Level Annotations

Branches:
Dungeon (5/15)
 Temple: D:4-7

Altars:


Innate Abilities, Weirdness & Mutations

You are too large for most types of armour.
You have tough skin. (AC +1)


Message History

The centaur unwields a +0 shortbow.
The centaur hits the bush but does no damage.
The centaur kicks the bush but does no damage.
The centaur wields a +0 shortbow.
The centaur shoots an arrow.
The arrow misses you.
The centaur unwields a +0 shortbow.
The centaur hits the bush.
The centaur kicks the bush but does no damage.
The centaur wields a +0 shortbow.
The centaur shoots an arrow.
The arrow hits you.
You hit the bush but do no damage.
The bush is lightly damaged.
The centaur shoots an arrow.
The arrow barely misses you.
You hit the bush but do no damage.
The bush is lightly damaged.
The centaur shoots an arrow.
The arrow hits you!
You hit the bush.
The bush is lightly damaged.
The centaur shoots an arrow.
The arrow hits you!
* * * LOW HITPOINT WARNING * * *
You sock the bush!
The bush is lightly damaged.
The centaur shoots an arrow.
The arrow hits you!
* * * LOW HITPOINT WARNING * * *
You hit the bush.
The bush is lightly damaged.
The centaur shoots an arrow.
The arrow closely misses you.
You hit the bush but do no damage.
The bush is lightly damaged.
The centaur shoots an arrow.
The arrow hits you.
* * * LOW HITPOINT WARNING * * *
You hit the bush but do no damage.
The bush is lightly damaged.
The centaur shoots an arrow.
The arrow barely misses you.
You hit the bush.
The bush is moderately damaged.
The centaur shoots an arrow.
The arrow closely misses you.
You hit the bush but do no damage.
The bush is moderately damaged.
The centaur shoots an arrow.
The arrow hits you!
You die...

#.#.# ....# #.#.# #
....#.# ####.#.#.###
.≈≈####..........
.≈...cP....#.#.####.
..≈≈####@............
.........#####.#.####
.........#####.#
...............#
..........######.#
..................
...)......########
.....>....#
.......<..#


You could see a centaur.

Vanquished Creatures
  Sigmund (D:3)
  A gnoll sergeant (D:4)
  A necrophage (D:4)
  A scorpion (D:4)
  2 hounds (D:4)
  An orc priest (D:3)
  An iguana (D:4)
  Ijyb (D:3)
  Natasha (thrice) (D:2)
  An orc wizard (D:3)
  5 adders
  4 gnolls (D:4)
  3 worms (D:2)
  A dart slug (D:3)
  An orc (D:3)
  2 bats
  9 endoplasms
  5 giant cockroaches
  10 hobgoblins
  4 jackals
  7 kobolds
  4 quokkas
  8 ball pythons
  2 frilled lizards (D:1)
  7 goblins
  6 rats
91 creatures vanquished.

Vanquished Creatures (others)
  2 fungi (D:2)
  2 toadstools (D:2)
4 creatures vanquished.

Grand Total: 95 creatures vanquished

Notes
Turn   | Place    | Note
-------+----------+-------------------------------------------
     0 | D:1      | HoaS the Ogre Gladiator began the quest for the Orb.
     0 | D:1      | Reached XP level 1. HP: 22/22 MP: 1/1
    80 | D:1      | Reached skill level 3 in Maces & Flails
   137 | D:1      | Reached XP level 2. HP: 29/29 MP: 2/2
   727 | D:1      | Reached XP level 3. HP: 27/36 MP: 3/3
  1031 | D:2      | Reached skill level 4 in Maces & Flails
  1548 | D:2      | Reached XP level 4. HP: 39/44 MP: 4/4
  2053 | D:3      | Reached skill level 5 in Maces & Flails
  2053 | D:3      | Reached XP level 5. HP: 11/50 MP: 5/5
  2267 | D:3      | Noticed Sigmund
  2441 | D:3      | Noticed Ijyb
  2441 | D:3      | Noticed Natasha
  2604 | D:2      | Killed Natasha
  2720 | D:2      | Noticed Natasha
  2728 | D:2      | Killed Natasha
  2805 | D:2      | Noticed Natasha
  2815 | D:2      | Killed Natasha
  2931 | D:3      | Killed Ijyb
  2932 | D:3      | Reached skill level 6 in Maces & Flails
  2932 | D:3      | Reached XP level 6. HP: 6/59 MP: 6/6
  3544 | D:3      | Identified the +4 mace "Munwuy" {speed, Will+ MP+9}
  3556 | D:3      | Killed Sigmund
  3557 | D:3      | Reached skill level 7 in Maces & Flails
  3557 | D:3      | Reached XP level 7. HP: 43/66 MP: 7/7
  4661 | D:4      | Reached skill level 8 in Maces & Flails
  4902 | D:5      | Entered Level 5 of the Dungeon
  4927 | D:5      | Shot with an arrow by a centaur

Illustrated notes

Levels and vault maps discovered:
D:1:      dpeg_arrival_fog, layout_basic, hangedman_decor_push, minmay_cupped
D:2:      layout_basic, minmay_misc_feat_tiny, minmay_gold_behind_fungi
D:3:      minmay_skewed_foursquare, layout_basic, kennysheep_path_1,
          uniq_natasha, uniq_ijyb, uniq_sigmund
D:4:      layout_loops_ring, lightli_minifort
D:5:      layout_basic, nemelex_xobeh_ov_fountains_minmay,
          kb_lookout_dungeons_type, eino_tiny_chamber

Skill      XL: |  1  2  3  4  5  6  7 |
---------------+----------------------+-----
Maces & Flails | 3 4 5 6 7 8 |  8.2
Fighting       | |  2.6
Throwing       | |  2.0
Dodging        | |  2.6

Action                     |  1- 3 |  4- 6 |  7- 9 || total
---------------------------+-------+-------+-------++-------
  Melee: Flail             |   129 |   130 |       ||   259
         Punch             |       |     1 |       ||     1
         Mace              |       |       |    82 ||    82
    Use: Scroll            |     7 |     2 |     2 ||    11
   Stab: Sleeping          |     1 |       |     1 ||     2
 Armour: Robe              |    25 |    25 |     9 ||    59
  Dodge: Dodged            |    58 |    75 |    33 ||   166

Table legend: (Time is in decaauts)
 A = Elapsed time spent in this place.
 B = Non-inter-level travel time spent in this place.
 C = Inter-level travel time spent in this place.
 D = Time resting spent in this place.
 E = Time spent auto-exploring this place.
 F = Levels seen in this place.
 G = Mean time per level.
                   A        B        C        D        E       F      G
               +--------+--------+--------+--------+--------+-----+--------+
         Total |   4969 |   4749 |    220 |   1330 |   2489 |   5 |  993.8 |
       Dungeon |   4969 |   4749 |    220 |   1330 |   2489 |   5 |  993.8 |
               +--------+--------+--------+--------+--------+-----+--------+

Top non-repeatable levels by time:
     D:3: 1699 daAuts
     D:2: 1538 daAuts
     D:1: 903 daAuts
     D:4: 806 daAuts
     D:5: 22 daAuts
